 Dungeon Crawl Stone Soup version 0.16-a0-2757-g883b90a (console) character file.

42 nht the Ruffian (level 3, -10/28 HPs)
             Began as a Draconian Transmuter on Nov 27, 2014.
             Killed from afar by Sigmund (14 damage)
             ... with a wand of frost
             ... on level 2 of the Dungeon.
             The game lasted 00:01:47 (1036 turns).

nht the Ruffian (Draconian Transmuter)              Turns: 1036, Time: 00:01:47

Health: -10/28     AC:  2    Str: 12    XL:     3   Next: 33%
Magic:  4/6        EV: 19    Int: 14    God:
Gold:   50         SH:  0    Dex: 16    Spells: 2 memorised, 2 levels left

rFire  . . .     SeeInvis +       - Unarmed
rCold  . . .     Clarity  .     (armour unavailable)
rNeg   . . .     SustAb   .     (shield currently unavailable)
rPois  x         Gourm    .     (helmet currently unavailable)
rElec  .         Spirit   .     (cloak currently unavailable)
rCorr  .         Warding  .     (gloves currently unavailable)
rMut   .         Stasis   .     (boots currently unavailable)
MR     .....                    (no amulet)
Stlth  ..........               g - ring of loudness (curse)
                                e - ring of see invisible

@: spider-form (expiring), not resistant to hostile enchantments, extremely
unstealthy
A: unfitting armour, (cold-blooded), AC +5
a: End Transformation


You were on level 2 of the Dungeon.
You were not hungry.
You were a venomous arachnid creature.
You visited 1 branch of the dungeon, and saw 2 of its levels.

You collected 50 gold pieces.

Inventory:

Jewellery
 e - a ring of see invisible (left front leg)
 g - a cursed ring of loudness (right front leg)
Scrolls
 h - a scroll of teleportation
Potions
 b - a potion of heal wounds
Books
 d - a book of Changes

   Spells                             Type                      Level
   *Beastly Appendage                 Transmutation                1
   Sticks to Snakes                   Transmutation                2
   *Spider Form                       Transmutation/Poison         3
   Ice Form                           Ice/Transmutation            4
   Blade Hands                        Transmutation                5
Comestibles
 a - a bread ration
 c - a meat ration
 i - a chunk of flesh


   Skills:
 - Level 1.1 Fighting
 - Level 1.7 Dodging
 * Level 4.0 Unarmed Combat
 - Level 2.0 Spellcasting
 + Level 2.7 Transmutations


You had 2 spell levels left.
You knew the following spells:

 Your Spells              Type           Power        Failure   Level  Hunger
a - Beastly Appendage     Trmt           #.....       24%         1    ##.....
b - Spider Form           Trmt/Pois      #.........   69%         3    ####...


Dungeon Overview and Level Annotations

Branches:
Dungeon (2/15)

Altars:

Annotations:
D:2 Sigmund


Innate Abilities, Weirdness & Mutations

((Your plain brown scales are hard (AC +5).))
Your body does not fit into most forms of armour.
((Your cold-blooded metabolism reacts poorly to cold.))


Message History

You barely miss Sigmund. The goblin hits you with a club.
You hit Sigmund.
Sigmund is poisoned.
Sigmund is lightly wounded.
Your transformation is almost over.
Sigmund zaps a wand.
The puff of frost hits you!
* * * LOW HITPOINT WARNING * * *
You barely miss Sigmund.
Sigmund is lightly wounded.
The goblin barely misses you. Sigmund completely misses you.
You barely miss Sigmund.
Sigmund is moderately wounded.
The goblin barely misses you.
You hit Sigmund.
Sigmund looks even sicker.
Sigmund is moderately wounded.
Sigmund barely misses you. The goblin hits you but does no damage.
You barely miss Sigmund.
Sigmund is moderately wounded.
Sigmund zaps a wand.
The puff of frost hits you!
Ouch! That really hurt!
You die... ████████

█.....<█ █.██████ █
█.█ .. █.█
████.██.██████████
...................
...................
██.███████s███████
█..(.....g@█████████
█......(...........
█......████████████
.███████.█
█.......))█
████)....█
█████....<█
..........████████
....P.....'=......
.≈≈≈≈≈.g..████████


You could see Sigmund and a goblin.

Vanquished Creatures
  A worm (D:2)
  4 bats (D:1)
  8 goblins
  4 hobgoblins (D:1)
  4 kobolds
  A quokka (D:1)
  2 giant cockroaches
  2 giant newts (D:1)
  9 rats (D:1)
35 creatures vanquished.

Notes
Turn   | Place    | Note
--------------------------------------------------------------
     0 | D:1      | nht, the Draconian Transmuter, began the quest for the Orb.
     0 | D:1      | Reached XP level 1. HP: 16/16 MP: 3/3
   203 | D:1      | Reached XP level 2. HP: 21/23 MP: 2/4
   597 | D:1      | Reached XP level 3. HP: 24/28 MP: 4/6
   796 | D:2      | Reached skill level 4 in Unarmed Combat
   806 | D:2      | Noticed Sigmund
   997 | D:1      | Learned a level 3 spell: Spider Form
  1036 | D:2      | Killed from afar by Sigmund

Action                   || total
-------------------------++-------
Melee: Unarmed           ||   126
 Cast: Beastly Appendage ||    23
       Spider Form       ||     1
  Use: Scroll            ||     2
       Potion            ||     1
  Eat: Chunk             ||     1
